 Dungeon Crawl Stone Soup version 0.21.0-26-g889b8f6 (webtiles) character file.

418312 loralnil the Slayer (level 23, -10/144 HPs)
             Began as a Gargoyle Fighter on Jan 26, 2018.
             Was the Champion of the Shining One.
             Mangled by a juggernaut (26 damage)
             ... on level 4 of the Depths on Jan 27, 2018.
             The game lasted 01:53:08 (38435 turns).

loralnil the Slayer (Gargoyle Fighter)             Turns: 38435, Time: 01:53:09

Health: -10/144    AC: 55    Str: 31    XL:     23   Next: 65%
Magic:  29/36      EV: 14    Int: 15    God:    the Shining One [******]
Gold:   2685       SH: 30    Dex: 13    Spells: 22/22 levels left

rFire    + + .     SeeInvis .   v - +9 eveningstar (freeze)
rCold    + + .     Gourm    .   p - +2 shield {reflect}
rNeg     + + +     Faith    .   T - +0 gold dragon scales
rPois    ∞         Spirit   .   s - +0 hat of the Game of Life {Dex+3}
rElec    +         Reflect  +   V - +2 cloak
rCorr    .         Harm     .   m - +2 pair of gloves {Dex+3}
MR       ++...                  E - +1 pair of boots {Stlth+}
Stlth    ..........             K - amulet "Jeeggosh" {Regen+ Int+7}
HPRegen  0.74/turn              F - ring of protection from cold
MPRegen  0.25/turn              e - ring of protection from fire

@: divine shield, flying, glowing, studying Air Magic
A: antennae 1, big wings, repulsion field 1, molten scales 1, clumsy 1, frail 1,
magic resistance 1, negative energy resistance 1, shaggy fur 1, electricity
resistance, unbreathing, petrification resistance, rot immunity, AC +17
}: 2/15 runes: decaying, gossamer
a: Stop Flying, Divine Shield, Cleansing Flame, Summon Divine Warrior, Renounce
Religion


You were on level 4 of the Depths.
You worshipped the Shining One.
The Shining One was exalted by your worship.
You were hungry.

You visited 8 branches of the dungeon, and saw 40 of its levels.
You visited the Abyss 1 time.
You also visited: Labyrinth.

You collected 4015 gold pieces.
You spent 1330 gold pieces at shops.

Inventory:

Hand Weapons
 o - a +5 whip of slashing
 v - a +9 eveningstar of freezing (weapon)
 G - a +4 morningstar of holy wrath
Armour
 m - a +2 pair of gloves of dexterity (worn)
 p - a +2 shield of reflection (worn)
 s - the +0 hat of the Game of Life (worn) {Dex+3}
   (You acquired it on level 5 of the Lair of Beasts)

   It affects your dexterity (+3).
 E - a +1 pair of boots of stealth (worn)
 J - a +2 buckler of cold resistance
 T - +0 gold dragon scales (worn)
 V - a +2 cloak (worn)
 W - +0 storm dragon scales
Jewellery
 e - a ring of protection from fire (right hand)
 l - an uncursed ring of protection from magic
 F - a ring of protection from cold (left hand)
 I - the ring of Quhugec {MP+9 Dex+4}
   (You found it on level 6 of the Lair of Beasts)

   [ring of magical power]

   It affects your dexterity (+4).
   It affects your magic capacity (+9).
 K - the amulet "Jeeggosh" (around neck) {Regen+ Int+7}
   (You took it off a centaur warrior on level 4 of the Vaults)

   [amulet of regeneration]

   It affects your intelligence (+7).
   It increases your rate of regeneration.
 P - an uncursed ring of protection from magic
 R - an uncursed ring of protection from cold
 Z - an uncursed ring of resist corrosion
Wands
 y - a wand of digging (44)
Scrolls
 a - 3 scrolls of magic mapping
 b - 2 scrolls of holy word
 g - 16 scrolls of remove curse
 t - 2 scrolls of noise
 u - 6 scrolls of fear
 w - 13 scrolls of teleportation
 x - 6 scrolls of immolation
 D - 9 scrolls of identify
 H - 4 scrolls of vulnerability
 O - 6 scrolls of amnesia
 Q - 4 scrolls of blinking
 S - 4 scrolls of fog
 X - a scroll of silence
 Y - 2 scrolls of summoning
Potions
 c - 5 potions of cancellation
 d - 4 potions of might
 h - 4 potions of resistance
 i - 3 potions of berserk rage
 j - 14 potions of curing
 k - 8 potions of lignification
 n - 8 potions of heal wounds
 r - 3 potions of agility
 z - 4 potions of haste
 A - a potion of magic
 C - 2 potions of invisibility
 N - a potion of brilliance
 U - 3 potions of ambrosia
Books
 M - a manual of Air Magic
Comestibles
 f - 50 rations
 B - 8 chunks of flesh


   Skills:
 + Level 21.6 Fighting
 - Level 16.0 Maces & Flails
 + Level 21.5 Armour
 + Level 9.5 Dodging
 - Level 15.0 Shields
 + Level 18.8 Invocations


You had 22 spell levels left.
You didn't know any spells.

Dungeon Overview and Level Annotations

Branches:
Dungeon (15/15)            Temple (1/1) D:6            Lair (6/6) D:11
  Swamp (4/4) Lair:2       Spider (4/4) Lair:2        Slime (0/5) Lair:5
    Orc (2/2) D:11            Elf (0/3) Orc:2        Vaults (4/5) D:14
  Crypt (0/3) Vaults:3     Depths (4/5) D:15

Altars:
Ashenzari
Cheibriados
Dithmenos
Elyvilon
Fedhas
Gozag
Hepliaklqana
Kikubaaqudgha
Makhleb
Nemelex Xobeh
Okawaru
Qazlal
Ru
Sif Muna
Trog
Uskayaw
Vehumet
Wu Jian
Xom
Yredelemnul
Zin
The Shining One
Beogh
Jiyva

Shops:
D:7 :   D:14 *   Orc:2 (*[=   Vaults:4 *   Depths:2 *   Depths:4 [

Portals:
Hell: Depths:1 Depths:2 Depths:3
Abyss: Depths:4
Pandemonium: Depths:1 Depths:2 Depths:3
Trove: D:12 (give +3 storm dragon scales)


Innate Abilities, Weirdness & Mutations

You are resistant to torment.
Your stone body is resilient. (AC +17)
You are immune to poison.
Your large and strong wings let you fly indefinitely.
You resist negative energy. (rN+)
You are resistant to electric shocks. (rElec)
You can survive without breathing.
You are immune to petrification.
You are immune to rotting.
You have a pair of small antennae on your head.
You are surrounded by a mild repulsion field. (EV +2)
You are partially covered in molten scales. (AC +2)
You are clumsy. (Dex -2)
You are frail. (-10% HP)
You are resistant to hostile enchantments. (MR+)
You are covered in fur. (AC +1)


Message History

Your angel hits the yaktaur with a sacred scourge of holy wrath. x2
You see here a bolt.
Your angel hits the yaktaur with a sacred scourge of holy wrath!!
Your angel hits the yaktaur with a sacred scourge of holy wrath!
The yaktaur unwields an uncursed arbalest.
The yaktaur barely misses your angel.
Your angel hits the yaktaur with a sacred scourge of holy wrath!
The yaktaur dies!
The frost giant points at you and mumbles some strange words.
The bolt of cold misses you.
An ettin comes into view.
It is wielding a dire flail and a dire flail of protection.
The ettin shouts in stereo!
Items here: ) [[ ÷ a +0 troll leather armour; an animal skin; a hand axe; an iron troll skeleton The frost giant casts a spell at you.
The bolt of cold hits you! You resist.
* * * LOW HITPOINT WARNING * * *
There is a stone staircase leading up, spattered with blood here.
The juggernaut hits you!!
You die...

##................#
######.....[..........######
.....(.......#........##...#
..........(.#........)##...######
.).(.)).........C.........[<<....
..((.^......................[....
.................................
..)#...#####..A[).....⌠.⌠.######.
...#...# ##..C@......∩..#
(###...# #.........⌠.⌠.# .#######
#####.........# ..## #..C......#
...# #......#### .#.# .........
#.## ......... ### ........


You could see a juggernaut, a frost giant, an ettin and a friendly angel.

Vanquished Creatures
  Mara (Swamp:3)
  A juggernaut (Depths:4)
  Sojobo (Depths:2)
  The ghost of komo4ek the Skullcrusher, a legendary GrFi of Okawaru (Depths:4)
  A golden dragon (Depths:2)
  5 liches
  A tentacled monstrosity (Depths:4)
  Jorgrun (Swamp:3)
  Rupert (D:13)
  A titan (Depths:2)
  Frances (Swamp:2)
  An Executioner (Abyss:2)
  A tentacled starspawn (Abyss:2)
  Gastronok (Lair:1)
  3 sphinxes
  A shadow dragon (Depths:4)
  Donald (Orc:1)
  3 thorn hunters
  3 storm dragons (Depths:2)
  4 tengu reavers
  18 frost giants
  9 fire giants
  3 deep elf sorcerers
  11 vault wardens
  An iron dragon (Depths:3)
  A cacodemon (Abyss:2)
  Louise (Swamp:3)
  3 ghost moths (Spider:4)
  The ghost of Thaneod the Scorcher, an adept DEFE of Vehumet (Swamp:4)
  An orc warlord (Orc:1)
  2 emperor scorpions (Spider:4)
  22 very ugly things
  Aizul (Vaults:3)
  12 ironheart preservers
  16 stone giants
  Nessos (D:13)
  A deep elf demonologist (Depths:3)
  A vampire knight (Depths:2)
  4 entropy weavers
  5 deep elf annihilators
  The ghost of teukkam the Carver, a journeyman GnWn of Jiyva (Lair:6)
  A spark wasp (Spider:4)
  2 ettins
  A blizzard demon (Depths:3)
  A deep elf death mage (Vaults:4)
  A minotaur (Lab)
  A merfolk impaler (Depths:1)
  Josephine (Orc:2)
  4 yaktaur captains
  6 fire dragons
  10 ice dragons
  8 rakshasas
  11 vault guards
  The ghost of Thaneod the Arsonist, a journeyman DEFE of Vehumet (D:13)
  26 hydras
  3 great orbs of eyes
  A ghost crab (Swamp:4)
  Fannar (Orc:1)
  5 catoblepae
  A spriggan air mage (Depths:4)
  3 tengu warriors
  7 alligators
  2 hell hogs (Depths:1)
  10 centaur warriors
  7 death yaks (Lair:6)
  12 deep troll shamans
  7 ogre magi
  20 two-headed ogres
  The ghost of garbagetei the Cleaver, a novice FoFi of Okawaru (D:8)
  3 spriggan berserkers (Depths:4)
  5 deep troll earth magi
  Urug (D:13)
  2 orc high priests
  3 thrashing horrors (Abyss:2)
  5 iron trolls
  Nergalle (D:10)
  3 deep elf knights
  A sun demon (Depths:3)
  2 shadow wraiths
  A fire crab (Lair:5)
  3 fire crabs (shapeshifter)
  4 skeletal warriors (D:13)
  A sixfirhy (Abyss:2)
  2 flayed ghosts
  3 spriggan druids (Swamp:4)
  A deep troll (shapeshifter) (Vaults:1)
  2 glowing orange brains
  26 deep trolls
  An infernal demonspawn (Depths:3)
  4 lindwurms (Lair:6)
  6 deep elf archers
  2 shambling mangroves
  5 unseen horrors
  An obsidian statue (Depths:3)
  11 swamp dragons
  Pikel (D:3)
  15 ironbrand convokers
  A harpy (shapeshifter) (Vaults:1)
  12 harpies
  A necromancer (Vaults:3)
  11 orc knights
  31 wolf spiders
  15 deep elf magi
  A wolf spider zombie (D:14)
  27 orb spiders
  3 wizards
  35 ugly things
  3 manticores
  7 orc sorcerers
  2 salamanders (Depths:3)
  A shining eye (shapeshifter) (D:14)
  5 elephants (Lair:4)
  3 cyclopes
  A moth of wrath (Spider:3)
  Joseph (D:7)
  2 centaur zombies
  2 black mambas (shapeshifter)
  11 vault sentinels
  6 black mambas
  A guardian serpent (Depths:1)
  16 spiny frogs
  38 yaktaurs
  3 orange demons
  An efreet (D:13)
  4 gargoyles
  23 demonic crawlers
  A hellion (Abyss:2)
  A kobold demonologist (D:13)
  5 freezing wraiths
  2 komodo dragons
  42 jumping spiders
  15 hornets
  10 trolls
  A tengu simulacrum (Vaults:1)
  Prince Ribbit (D:9)
  54 slime creatures
  5 bog bodies
  8 blink frogs
  A blink frog (shapeshifter) (Vaults:1)
  4 tyrant leeches
  3 large abominations
  A snapping turtle (shapeshifter) (Depths:1)
  8 hippogriffs
  A centaur simulacrum (D:15)
  26 tarantellas
  111 redbacks
  8 spriggans
  A shadow (Swamp:4)
  A ynoxinul (Depths:3)
  A human (D:9)
  3 water elementals
  2 wyverns
  The ghost of levraininjaneer the Chopper, an amateur HOFi of the Shining One (D:4)
  3 basilisks
  A vampire (D:10)
  6 wraiths
  3 golden eyes (Abyss:2)
  77 yaks
  4 hogs (D:9)
  3 humans (shapeshifter)
  2 hungry ghosts
  7 vampire mosquitoes
  A golden eye (shapeshifter) (Vaults:3)
  18 swamp worms
  9 wargs
  2 insubstantial wisps (Swamp:4)
  4 acid dragons
  A swamp worm (shapeshifter) (Depths:2)
  8 water moccasins
  9 hell hounds (Depths:1)
  7 porcupines
  A porcupine (shapeshifter) (D:14)
  A water moccasin (shapeshifter) (Vaults:4)
  39 orc warriors
  Duvessa (D:4)
  12 swamp drakes
  2 ice beasts
  3 phantoms
  2 sky beasts
  A slave (D:3)
  2 black bears
  A necrophage (D:9)
  22 boggarts
  17 centaurs
  A wolf (shapeshifter) (Depths:4)
  23 ogres
  8 crocodiles
  Blork the orc (D:4)
  A big kobold (D:7)
  4 earth elementals (Spider:4)
  19 bullfrogs
  A gnoll sergeant (D:9)
  A water moccasin zombie (D:6)
  A small abomination (Abyss:2)
  A wyvern skeleton (D:11)
  5 scorpions
  A human simulacrum (Vaults:1)
  17 wights
  An electric eel (Lair:2)
  A howler monkey (D:9)
  5 crimson imps
  A bullfrog zombie (D:5)
  3 quasits
  A starcursed mass (Abyss:2)
  19 orc priests
  2 bullfrog skeletons
  A gnoll shaman (D:6)
  7 hounds
  4 jellies
  23 orc wizards
  3 centaur skeletons
  6 iguanas
  5 worker ants
  4 hell rats (Lair:6)
  2 worker ant zombies
  Robin (D:3)
  14 gnolls
  16 adders
  4 shadow imps
  A white imp (Depths:2)
  4 worms
  A dart slug (D:2)
  9 leopard geckos
  98 orcs
  7 giant cockroaches
  15 goblins
  7 hobgoblins
  7 jackals
  11 kobolds
  4 quokkas
  2 ball pythons
  3 bats (D:1)
  6 frilled lizards
  A quokka skeleton (D:3)
  10 rats
  A fungus (Lair:1)
  8 pillars of salt (Vaults:2)
  A plant (Lair:2)
1673 creatures vanquished.

Vanquished Creatures (collateral kills)
  A sphinx (Depths:4)
  A fire giant (Depths:3)
  A deep elf death mage (Depths:3)
  A spriggan berserker (Depths:3)
  3 orc knights (Vaults:1)
  An orc sorcerer (Vaults:1)
  2 ugly things (Vaults:1)
  A vault sentinel (Vaults:1)
  2 yaktaurs
  3 orc warriors (Vaults:1)
  An orc (Vaults:1)
17 creatures vanquished.

Vanquished Creatures (others)
  Arachne (Spider:3)
  3 deep elf archers
  A deep elf mage (Vaults:4)
  5 yaktaurs
  A blink frog (Swamp:4)
  A redback (Spider:1)
  2 insubstantial wisps (Swamp:4)
  A warg (Vaults:4)
  An orc warrior (Vaults:4)
  A slave (D:4)
  3 centaurs
  Dowan (D:4)
  An orc priest (Orc:2)
  An orc wizard (Orc:1)
  3 briar patches (Swamp:4)
  3 fungi
  4 pillars of salt (Vaults:2)
  2 plants
  8 starspawn tentacles (Abyss:2)
  A withered plant (D:4)
44 creatures vanquished.

Grand Total: 1734 creatures vanquished

Notes
Turn   | Place    | Note
-------+----------+-------------------------------------------
     0 | D:1      | loralnil the Gargoyle Fighter began the quest for the Orb.
     0 | D:1      | Reached XP level 1. HP: 14/14 MP: 1/1
    73 | D:1      | Reached XP level 2. HP: 12/19 MP: 2/2
   680 | D:2      | Reached XP level 3. HP: 23/23 MP: 3/3
   717 | D:2      | Reached XP level 4. HP: 21/29 MP: 4/4
  1029 | D:2      | Found an ornate altar of the Wu Jian Council.
  1351 | D:3      | Reached XP level 5. HP: 31/33 MP: 5/5
  1488 | D:3      | Found a deep blue altar of Sif Muna.
  1897 | D:3      | Noticed Robin
  1901 | D:3      | Killed Robin
  1912 | D:3      | Reached XP level 6. HP: 39/39 MP: 6/6
  2057 | D:3      | Noticed a moth of wrath
  2060 | D:3      | Found a bloodstained altar of Trog.
  2507 | D:4      | Noticed Pikel
  2507 | D:4      | Noticed a slave
  2507 | D:4      | Noticed a slave
  2507 | D:4      | Noticed a slave
  2507 | D:4      | Noticed a slave
  2529 | D:3      | Killed a slave
  2722 | D:3      | Killed Pikel
  2722 | D:3      | Reached skill level 5 in Fighting
  2722 | D:3      | Reached skill level 5 in Armour
  2722 | D:3      | Reached skill level 5 in Shields
  2722 | D:3      | Reached XP level 7. HP: 44/44 MP: 7/7
  2762 | D:4      | Noticed levraininjaneer's ghost (amateur HOFi)
  2769 | D:4      | Killed levraininjaneer's ghost
  2790 | D:4      | Found a shimmering altar of Xom.
  2791 | D:4      | Found a hazy altar of Hepliaklqana.
  2792 | D:4      | Noticed a spectral ugly thing
  2795 | D:4      | Killed Dowan
  2797 | D:4      | Reached XP level 8. HP: 45/51 MP: 8/8
  2908 | D:4      | Found an ancient bone altar of Kikubaaqudgha.
  2915 | D:4      | Found a blossoming altar of Fedhas.
  2936 | D:4      | Reached skill level 5 in Maces & Flails
  3303 | D:4      | Noticed Blork the orc
  3312 | D:4      | Killed Blork the orc
  3357 | D:4      | Noticed Duvessa
  3369 | D:4      | Killed Duvessa
  3497 | D:4      | Found a sparkling altar of Nemelex Xobeh.
  3505 | D:4      | Gained mutation: You are surrounded by a mild repulsion field. (EV +2) [potion of mutation]
  3505 | D:4      | Gained mutation: You have a pair of small horns on your head. [potion of mutation]
  3505 | D:4      | Gained mutation: Your natural rate of healing is unusually fast. [potion of mutation]
  3527 | D:4      | Found a glowing silver altar of Zin.
  3670 | D:5      | Entered Level 5 of the Dungeon
  4045 | D:5      | Found a bloodstained altar of Trog.
  4223 | D:6      | Noticed a hippogriff
  4233 | D:6      | Killed a hippogriff
  4233 | D:6      | Reached XP level 9. HP: 54/57 MP: 9/9
  4464 | D:6      | Found a staircase to the Ecumenical Temple.
  4493 | Temple   | Entered the Ecumenical Temple
  4928 | D:7      | You fall through a shaft for 2 floors!
  4946 | D:9      | Noticed Prince Ribbit
  4996 | D:9      | Killed Prince Ribbit
  5124 | D:7      | Noticed Joseph
  5194 | D:7      | Killed Joseph
  5194 | D:7      | Reached XP level 10. HP: 59/65 MP: 10/10
  5360 | D:7      | Found Suimok's Book Emporium.
  5629 | D:8      | Noticed a two-headed ogre
  5632 | D:8      | Noticed garbagetei's ghost (novice FoFi)
  5635 | D:8      | Killed a two-headed ogre
  5654 | D:8      | Killed garbagetei's ghost
  5840 | D:8      | Found a hide-covered altar of Uskayaw.
  6082 | D:9      | Found a white marble altar of Elyvilon.
  6170 | D:9      | Reached XP level 11. HP: 71/71 MP: 11/11
  6566 | D:9      | Found a glowing golden altar of the Shining One.
  6568 | D:9      | Noticed an angel
  6573 | D:9      | Became a worshipper of the Shining One
  6585 | D:9      | Found a basalt altar of Yredelemnul.
  6676 | D:10     | Entered Level 10 of the Dungeon
  6810 | D:10     | Reached skill level 10 in Fighting
  6810 | D:10     | Reached skill level 10 in Armour
  6829 | D:10     | Reached skill level 10 in Shields
  7029 | D:10     | Noticed Nergalle
  7030 | D:10     | Noticed a spectral orc warlord
  7109 | D:10     | Killed Nergalle
  7160 | D:11     | Found a staircase to the Lair.
  7171 | D:11     | Found a labyrinth entrance.
  7192 | Lab      | Entered a labyrinth
  7768 | Lab      | Noticed a minotaur
  7778 | Lab      | Killed a minotaur
  7793 | Lab      | Got a twisted plate armour
  7815 | Lab      | Identified the +9 plate armour "Qunleug" {*Corrode Dex+6} (You found it in a labyrinth)
  7844 | D:11     | Reached * piety under the Shining One
  7845 | D:11     | Noticed a white ugly thing
  7849 | D:11     | Found a staircase to the Orcish Mines.
  7861 | D:11     | Killed a white ugly thing
  8240 | D:11     | Noticed a cyan ugly thing
  8253 | D:11     | Killed a cyan ugly thing
  8293 | D:11     | Reached XP level 12. HP: 79/79 MP: 12/12
  8400 | D:11     | Reached skill level 10 in Maces & Flails
  8724 | D:12     | Reached ** piety under the Shining One
  8813 | D:12     | Noticed a two-headed ogre
  8821 | D:12     | Killed a two-headed ogre
  8999 | D:12     | Found a portal to a secret trove of treasure.
  9486 | D:12     | Found a glowing silver altar of Zin.
  9576 | D:13     | Noticed Urug
  9594 | D:13     | Killed Urug
  9594 | D:13     | Reached XP level 13. HP: 80/86 MP: 13/13
  9601 | D:13     | Noticed Thaneod's ghost (journeyman DEFE)
  9616 | D:13     | Killed Thaneod's ghost
  9674 | D:13     | Noticed Nessos
  9674 | D:13     | Reached *** piety under the Shining One
  9692 | D:13     | Killed Nessos
  9781 | D:13     | Noticed Rupert
  9828 | D:13     | Killed Rupert
  9941 | D:13     | Lost mutation: Your natural rate of healing is unusually fast. [potion of mutation]
  9941 | D:13     | Lost mutation: You have a pair of small horns on your head. [potion of mutation]
  9941 | D:13     | Gained mutation: You are covered in fur. (AC +1) [potion of mutation]
  9941 | D:13     | Gained mutation: You are resistant to hostile enchantments. (MR+) [potion of mutation]
  9941 | D:13     | Gained mutation: You have a pair of small antennae on your head. [potion of mutation]
  9941 | D:13     | Gained mutation: You are partially covered in molten scales. (AC +2) [potion of mutation]
 10218 | D:13     | Reached **** piety under the Shining One
 10318 | D:13     | Found a stormy altar of Qazlal.
 10432 | D:13     | Reached skill level 1 in Invocations
 10781 | D:14     | Gained mutation: You are frail. (-10% HP) [a shining eye]
 10785 | D:14     | Found a gate to the Vaults.
 10847 | D:14     | Found a shadowy altar of Dithmenos.
 11096 | D:14     | Gained mutation: Your large and strong wings let you fly indefinitely. [Gargoyle growth]
 11096 | D:14     | Reached XP level 14. HP: 78/84 MP: 16/16
 11166 | D:14     | Found Onuuguve's General Store.
 11327 | D:15     | Entered Level 15 of the Dungeon
 11470 | Lair:1   | Entered Level 1 of the Lair of Beasts
 11713 | Lair:1   | Noticed Gastronok
 11733 | Lair:1   | Killed Gastronok
 12426 | Lair:2   | Found a hole to the Spider Nest.
 12772 | Lair:2   | Reached skill level 5 in Invocations
 12806 | Lair:2   | Reached ***** piety under the Shining One
 12930 | Lair:2   | Found a staircase to the Swamp.
 14814 | Lair:5   | Identified a scroll of acquirement
 14835 | Lair:5   | Found a staircase to the Slime Pits.
 14835 | Lair:5   | Found a viscous altar of Jiyva.
 14839 | Lair:5   | Got a transparent hat
 14850 | Lair:5   | Identified the +0 hat of the Game of Life {Dex+3} (You acquired it on level 5 of the Lair of Beasts)
 15514 | Lair:6   | Entered Level 6 of the Lair of Beasts
 15520 | Lair:6   | Reached XP level 15. HP: 90/90 MP: 20/20
 15751 | Lair:6   | Noticed teukkam's ghost (journeyman GnWn)
 15762 | Lair:6   | Killed teukkam's ghost
 16353 | Lair:6   | Got a brightly glowing iron ring
 16369 | Lair:6   | Identified the ring of Quhugec {MP+9 Dex+4} (You found it on level 6 of the Lair of Beasts)
 16489 | Lair:6   | HP: 2/90 [lindwurm/blast of flame (30)]
 16612 | Lair:6   | Got a distressingly furry ring mail
 16623 | Lair:6   | Identified the +2 ring mail of the Hills {Regen+} (You found it on level 6 of the Lair of Beasts)
 16937 | Orc:1    | Entered Level 1 of the Orcish Mines
 17039 | Orc:1    | Noticed Fannar
 17157 | Orc:1    | Killed Fannar
 17415 | Orc:2    | Entered Level 2 of the Orcish Mines
 17520 | Orc:2    | Noticed Josephine
 17530 | Orc:2    | Killed Josephine
 17550 | Orc:2    | Noticed Donald
 17587 | Orc:1    | Killed Donald
 17785 | Orc:2    | Noticed an orc warlord
 17786 | Orc:2    | Found a roughly hewn altar of Beogh.
 17831 | Orc:2    | Reached skill level 15 in Fighting
 17842 | Orc:2    | Reached skill level 15 in Armour
 17848 | Orc:2    | Reached skill level 15 in Shields
 17861 | Orc:1    | Killed an orc warlord
 17989 | Orc:2    | Reached ****** piety under the Shining One
 18071 | Orc:2    | Found Voaso's General Store.
 18242 | Orc:2    | Found a staircase to the Elven Halls.
 18269 | Orc:2    | Found Pimec's Antique Armour Emporium.
 18275 | Orc:2    | Bought a slimy plate armour for 784 gold pieces
 18275 | Orc:2    | Bought a pair of encrusted gloves for 266 gold pieces
 18285 | Orc:2    | Identified the cursed -3 pair of gloves of the Ancient Yaks {rPois Dex+2} (You bought it in a shop on level 2 of the Orcish Mines)
 18307 | Orc:2    | Identified the +6 plate armour "Juys" {rN+ Int+3} (You bought it in a shop on level 2 of the Orcish Mines)
 18349 | Orc:2    | Found Inudd's Antique Weapon Emporium.
 18363 | Orc:2    | Found Imuywk's Jewellery Emporium.
 18723 | D:15     | Reached XP level 16. HP: 87/97 MP: 18/23
 19141 | D:15     | Identified a +4 morningstar of holy wrath (a +2 morningstar of crushing blessed by the Shining One)
 19141 | D:15     | Received a gift from the Shining One
 19288 | D:15     | Found a staircase to the Depths.
 19646 | Swamp:1  | Entered Level 1 of the Swamp
 19678 | Swamp:1  | Reached skill level 10 in Invocations
 19721 | Swamp:1  | Noticed a thorn hunter
 19737 | Swamp:1  | Killed a thorn hunter
 19843 | Swamp:1  | You are sucked into a shaft!
 19899 | Swamp:2  | Noticed Frances
 19922 | Swamp:2  | Killed Frances
 20607 | Swamp:3  | Noticed Louise
 20619 | Swamp:3  | Cast into level 2 of the Abyss (Louise)
 20655 | Abyss:2  | Gained mutation: You are clumsy. (Dex -2) [a cacodemon]
 20688 | Abyss:2  | Noticed an Executioner
 20697 | Abyss:2  | Killed an Executioner
 20738 | Abyss:2  | Paralysed by accursed screaming for 1 turns
 20744 | Abyss:2  | Paralysed by accursed screaming for 1 turns
 20820 | Abyss:2  | Noticed a tentacled starspawn
 20835 | Abyss:2  | Killed a tentacled starspawn
 20841 | Swamp:3  | Escaped the Abyss
 21050 | Swamp:3  | Killed Louise
 21222 | Swamp:3  | Noticed Jorgrun
 21243 | Swamp:3  | Killed Jorgrun
 21361 | Swamp:3  | Reached XP level 17. HP: 97/103 MP: 23/25
 21403 | Swamp:3  | Noticed Mara
 21440 | Swamp:3  | Noticed loralnil's illusion
 21454 | Swamp:4  | Entered Level 4 of the Swamp
 21454 | Swamp:4  | Noticed Thaneod's ghost (adept DEFE)
 21468 | Swamp:4  | Killed Thaneod's ghost
 21540 | Swamp:3  | Noticed loralnil's illusion
 21619 | Swamp:3  | Noticed loralnil's illusion
 21662 | Swamp:3  | Killed Mara
 22098 | Swamp:4  | Got a decaying rune of Zot
 22781 | Spider:1 | Entered Level 1 of the Spider Nest
 23366 | Spider:1 | Reached XP level 18. HP: 57/110 MP: 16/27
 25041 | Spider:3 | Noticed Arachne
 25073 | Spider:3 | Killed Arachne
 26138 | Spider:4 | Entered Level 4 of the Spider Nest
 26950 | Spider:4 | Reached XP level 19. HP: 106/117 MP: 17/29
 27059 | Spider:4 | Got a gossamer rune of Zot
 27923 | Vaults:1 | Entered Level 1 of the Vaults
 28075 | Vaults:1 | Reached skill level 15 in Maces & Flails
 29488 | Vaults:2 | Reached skill level 15 in Invocations
 29752 | Vaults:2 | Reached XP level 20. HP: 123/123 MP: 31/31
 30020 | Vaults:2 | Found a ruined gateway.
 30047 | Vaults:2 | Upgraded the game from 0.21.0-25-ge575cb9 to 0.21.0-26-g889b8f6
 30591 | Vaults:2 | Reached skill level 1 in Dodging
 31020 | Vaults:3 | Noticed Aizul
 31034 | Vaults:3 | Killed Aizul
 31514 | Vaults:3 | Found a staircase to the Crypt.
 31514 | Vaults:3 | Found a basalt altar of Yredelemnul.
 31515 | Vaults:3 | Found an ancient bone altar of Kikubaaqudgha.
 31735 | Vaults:3 | Reached XP level 21. HP: 129/129 MP: 33/33
 32011 | Vaults:3 | Identified Jeme's Incunabulum of Fiery Bewitchment
 32079 | Vaults:4 | Found Caytham's General Store.
 32824 | Vaults:4 | Reached skill level 5 in Dodging
 33108 | Vaults:4 | Got a slimy ring mail
 33119 | Vaults:4 | Identified the +0 ring mail "Zikheutean" {-Tele rElec Regen+ Str-5} (You found it on level 4 of the Vaults)
 33191 | Vaults:4 | Got a sparkling zirconium amulet
 33744 | Depths:1 | Entered Level 1 of the Depths
 33986 | Depths:1 | Got an ichor-stained buckler
 33997 | Depths:1 | Identified the +3 buckler "Loliskin" {-Cast rPois rN+++ MR-} (You found it on level 1 of the Depths)
 34009 | Depths:1 | Got a translucent ring mail
 34020 | Depths:1 | Identified the +5 ring mail "Xetzoir" {Str+5 Dex+3} (You found it on level 1 of the Depths)
 34720 | Depths:1 | Reached XP level 22. HP: 136/136 MP: 34/34
 34809 | Depths:1 | Found a one-way gate leading to the halls of Pandemonium.
 34985 | Depths:1 | Found a gateway to Hell.
 34990 | Depths:1 | Identified the amulet "Jeeggosh" {Regen+ Int+7} (You took it off a centaur warrior on level 4 of the Vaults)
 35798 | Depths:2 | Noticed a golden dragon
 35816 | Depths:2 | Killed a golden dragon
 35922 | Depths:2 | Got a slimy morningstar
 35923 | Depths:2 | Identified the +1 morningstar of Zaklegut {venom, MP+9 Int+2} (You found it on level 2 of the Depths)
 36060 | Depths:2 | Found Cexzy's Pet Rocks.
 36094 | Depths:2 | Bought a wand of digging (3) for 280 gold pieces
 36531 | Depths:3 | Noticed Sojobo
 36554 | Depths:2 | Killed Sojobo
 37145 | Depths:3 | Reached XP level 23. HP: 128/144 MP: 36/36
 37216 | Depths:3 | Found a transporter.
 37228 | Depths:3 | Found a transporter.
 37335 | Depths:3 | Got a crude amethyst amulet
 37337 | Depths:3 | Identified the amulet "Xumiupluit" {RegenMP rElec MR+ Dex+2} (You found it on level 3 of the Depths)
 37555 | Depths:4 | Found Iniedyfe's Armour Boutique.
 37708 | Depths:4 | Noticed komo4ek's ghost (legendary GrFi)
 37796 | Depths:4 | Killed komo4ek's ghost
 38075 | Depths:4 | Found a one-way gate to the infinite horrors of the Abyss.
 38254 | Depths:4 | Noticed a juggernaut
 38273 | Depths:4 | Killed a juggernaut
 38405 | Depths:4 | Noticed a juggernaut
 38435 | Depths:4 | Mangled by a juggernaut

Skill      XL: |  1  2  3  4  5  6  7  8  9 10 11 12 13 14 15 16 17 18 19 20 21 22 23 |
---------------+----------------------------------------------------------------------+-----
Armour         | 4 5 7 8 9 10 12 13 14 15 16 17 18 19 20 21 | 21.5
Fighting       | 4 5 7 8 9 10 12 13 14 15 16 17 18 19 20 21 | 21.6
Shields        | 4 5 7 8 9 10 12 13 14 15 | 15.0
Maces & Flails | 3 4 5 7 8 9 10 11 12 13 14 15 16 | 16.0
Invocations    | 3 6 9 11 12 14 15 16 17 18 | 18.8
Dodging        | 3 6 8 9 |  9.5

Action                   |  1- 3 |  4- 6 |  7- 9 | 10-12 | 13-15 | 16-18 | 19-21 | 22-24 || total
-------------------------+-------+-------+-------+-------+-------+-------+-------+-------++-------
Melee: Flail             |    78 |       |       |       |       |       |       |       ||    78
       Whip              |    12 |   267 |   444 |   764 |  1547 |  2233 |   153 |       ||  5420
       Headbutt          |       |       |    53 |   173 |    35 |       |       |       ||   261
       Eveningstar       |       |       |       |       |       |   122 |  1427 |   743 ||  2292
       Morningstar       |       |       |       |       |       |    32 |       |       ||    32
Invok: Divine Shield     |       |       |       |       |       |     2 |     7 |     5 ||    14
       Brand Weapon With |       |       |       |       |       |     1 |       |       ||     1
       Summon Divine War |       |       |       |       |       |       |     4 |     3 ||     7
       Cleansing Flame   |       |       |       |       |       |       |     1 |     1 ||     2
 Abil: Fly               |       |       |       |       |     1 |       |       |       ||     1
Evoke: Wand              |       |       |       |       |       |     2 |       |       ||     2
  Use: Scroll            |     6 |     1 |     7 |     9 |    18 |    10 |     7 |     2 ||    60
       Potion            |       |     1 |     2 |     1 |     4 |     6 |       |     1 ||    15
  Eat: Chunk             |       |     6 |     9 |    30 |    22 |    29 |    25 |    13 ||   134
       Ration            |       |       |       |       |       |       |     1 |       ||     1
Armor: Scale mail        |    56 |     3 |       |       |       |       |       |       ||    59
       Chain mail        |       |   130 |   150 |       |       |       |       |       ||   280
       Plate armour      |       |       |   104 |   197 |   385 |       |       |       ||   686
       Ring mail         |       |       |       |       |   115 |   283 |       |       ||   398
       Crystal plate arm |       |       |       |       |       |  1581 |   998 |   114 ||  2693
       Gold dragon scale |       |       |       |       |       |       |       |   448 ||   448
Dodge: Dodged            |    29 |    60 |    80 |    60 |   233 |   790 |   473 |   343 ||  2068
Block: Shield            |    62 |   127 |    55 |       |   141 |  1801 |  1388 |   701 ||  4275
       Large shield      |       |       |   372 |   594 |  1226 |       |       |       ||  2192
       Reflection        |       |       |       |       |     6 |    17 |    93 |    22 ||   138
       Buckler           |       |       |       |       |       |       |    17 |       ||    17
